 Dungeon Crawl Stone Soup version 0.31-a0-801-gc67433417a (webtiles) character file.

Game seed: 3523349993485899764

166 Essalna the Conjurer (level 5, 35/35 HPs)
             Began as a Demonspawn Conjurer on Sept 20, 2023.
             Got out of the dungeon alive.
             The game lasted 00:04:15 (2958 turns).

Essalna the Conjurer (Demonspawn Conjurer)          Turns: 2958, Time: 00:04:16

Health: 35/35      AC:  3    Str:  7    XL:     5   Next: 22%
Magic:  10/10      EV: 12    Int: 27    God:
Gold:   174        SH:  0    Dex: 12    Spells: 8/11 levels left

rFire   . . .        c - +0 dagger
rCold   . . .        (no shield)
rNeg    . . .        e - +1 robe {Will+}
rPois   .            (no helmet)
rElec   .            (no cloak)
rCorr   .            (no gloves)
SInv    .            (no boots)
Will    +....        (no amulet)
Stlth   ++           f - ring of wizardry
HPRegen 0.25/turn    i - +6 ring of intelligence
MPRegen 0.12/turn

%: wizardry (x1)
@: no status effects
A: hooves 1, sturdy frame 1
a: no special abilities


You escaped.
You visited 1 branch of the dungeon, and saw 4 of its levels.

You collected 174 gold pieces.

Inventory:

Hand Weapons
 c - a +0 dagger (weapon)
Armour
 a - a +0 robe
 e - a +1 robe of willpower (worn)
 m - a +1 leather armour of fire resistance
Jewellery
 f - a ring of wizardry (left hand)
 i - a +6 ring of intelligence (right hand)
Scrolls
 d - a scroll of immolation {unknown}
 g - a scroll of vulnerability {unknown}
 j - a scroll of enchant armour {unknown}
 l - a scroll of identify {unknown}
 o - a scroll of noise {unknown}
Potions
 b - a potion of magic
 h - 3 potions of might {unknown}
 k - 2 potions of attraction {unknown}
 n - a potion of curing {unknown}


   Skills:
 - Level 1.7 Dodging
 - Level 1.7 Stealth
 + Level 3.8 Spellcasting
 + Level 5.4 Conjurations


You had 8 spell levels left.
You knew the following spells:

 Your Spells              Type           Power      Damage    Failure   Level
a - Magic Dart            Conj           100%       1d8       1%          1
b - Searing Ray           Conj           68%        2d6       1%          2

Your spell library contained the following spells:

 Spells                   Type           Power      Damage    Failure   Level
 Dazzling Flash           Conj/Hex       38%        N/A       3%          3
 Fulminant Prism          Conj/Hex       9%         3d7       11%         4
 Iskenderun's Mystic Bla  Conj/Tloc      19%        2d6       11%         4


Dungeon Overview and Level Annotations

Branches:
Dungeon (4/15)
 Temple: D:4-7

Altars:
Dithmenos

Shops:
D:1 [


Innate Abilities, Weirdness & Mutations

You have large cloven feet.
Your movements are slightly less encumbered by armour. (ER -2)


Message History

A scorpion comes into view.
The magic dart hits the scorpion.
The scorpion is moderately wounded.
The magic dart hits the scorpion.
The scorpion is moderately wounded.
The magic dart hits the scorpion but does no damage.
The scorpion is moderately wounded.
Casting: Magic Dart (safe; 1% risk of failure)
Confirm with . or Enter, or press ? or * to list all spells.
Aiming: Searing Ray (safe; 1% risk of failure)
Press: ? - help, Shift-Dir - straight line, f/p - scorpion
Aim: a scorpion (moderately wounded, 81% to hit)
The searing ray hits the scorpion!
The scorpion is severely wounded. (Press . to maintain the ray.)
The searing ray hits the scorpion but does no damage.
The scorpion is severely wounded.
The searing ray hits the scorpion.
The scorpion is almost dead.
The scorpion barely misses you. The scorpion misses you.
The searing ray hits the scorpion.
You kill the scorpion!
You finish channelling your searing ray.
You have reached level 5!
Your demonic ancestry asserts itself...
Your feet thicken and deform.
There is a stone staircase leading up here.
You climb upwards.
There is a stone staircase leading down here.
You see here a rat corpse.
There is an escape hatch in the ceiling here.
A mysterious force pulls you upwards. The hatch slams shut behind you.
There is a stone staircase leading up here.
You climb upwards.
There is a stone staircase leading down here.
Magic restored.
There is an open door here.
There is an open door here.
There is a staircase leading out of the dungeon here.
You have escaped!

###♣♣♣♣♣♣♣♣♣♣♣
#.'.........@♣
#.#♣.♣♣♣♣♣...♣
#####.#♣.♣P♣P....♣
......#♣P♣P....♣.♣
...####♣....⌠.♣♣.♣
..(...#♣♣♣....P♣.♣
...##.# ♣♣..P♣♣.♣
)..##.# ♣♣.♣♣♣.♣
......# ♣)....♣


There were no monsters in sight!

Vanquished Creatures
  A scorpion (D:4)
  3 adders
  A worm (D:3)
  3 dart slugs
  2 orcs (D:3)
  7 ball pythons
  4 bats
  3 endoplasms
  A giant cockroach (D:3)
  6 hobgoblins
  6 jackals
  4 kobolds
  2 quokkas
  5 frilled lizards
  9 goblins
  6 rats
63 creatures vanquished.

Notes
Turn   | Place    | Note
-------+----------+-------------------------------------------
     0 | D:1      | Essalna the Demonspawn Conjurer began the quest for the
                  | Orb.
     0 | D:1      | Reached XP level 1. HP: 13/13 MP: 3/3
   316 | D:1      | Gained mutation: Your movements are slightly less
                  | encumbered by armour. (ER -2) [demonic ancestry]
   316 | D:1      | Reached XP level 2. HP: 18/19 MP: 0/5
   618 | D:1      | Found Paqeheic's Antique Armour Shop.
   973 | D:1      | Reached XP level 3. HP: 24/24 MP: 2/7
  1082 | D:1      | Learned a level 2 spell: Searing Ray
  1295 | D:2      | Found a faded altar of an unknown god.
  1620 | D:2      | Reached XP level 4. HP: 30/30 MP: 2/8
  2078 | D:3      | Found a shadowy altar of Dithmenos.
  2151 | D:3      | Reached skill level 5 in Conjurations
  2857 | D:4      | Noticed a scorpion
  2864 | D:4      | Killed a scorpion
  2865 | D:4      | Gained mutation: You have large cloven feet. [demonic
                  | ancestry]
  2865 | D:4      | Reached XP level 5. HP: 35/35 MP: 1/10
  2958 | D:$      | Got out of the dungeon alive.

Illustrated notes

Levels and vault maps discovered:
D:1:      psy_arrival_fountain, layout_basic, serial_shops,
          nicolae_shop_window_shopping
D:2:      layout_basic, ebering_ecumenical_altar_rust, minmay_hexomino_c4
D:3:      layout_loops_cross, nicolae_dithmenos_shadow_blocks
D:4:      layout_rooms, tgw_trog, chequers_garden, minmay_box_of_dots,
          uniq_grinder

Skill      XL: |  1  2  3  4 |
---------------+-------------+-----
Spellcasting   | 3 |  3.8
Conjurations   | 5 |  5.4
Dodging        | |  1.7
Stealth        | |  1.7

Action                     |  1- 3 |  4- 6 || total
---------------------------+-------+-------++-------
  Melee: Dagger            |    45 |     3 ||    48
   Cast: Magic Dart        |    84 |    42 ||   126
         Searing Ray       |       |     1 ||     1
 Armour: Robe              |    35 |     1 ||    36
  Dodge: Dodged            |    42 |     4 ||    46

Table legend: (Time is in decaauts)
 A = Elapsed time spent in this place.
 B = Non-inter-level travel time spent in this place.
 C = Inter-level travel time spent in this place.
 D = Time resting spent in this place.
 E = Time spent auto-exploring this place.
 F = Levels seen in this place.
 G = Mean time per level.
                   A        B        C        D        E       F      G
               +--------+--------+--------+--------+--------+-----+--------+
         Total |   2956 |   2780 |    176 |      0 |   2390 |   4 |  739.0 |
       Dungeon |   2956 |   2780 |    176 |      0 |   2390 |   4 |  739.0 |
               +--------+--------+--------+--------+--------+-----+--------+

Top non-repeatable levels by time:
     D:1: 1286 daAuts
     D:3: 863 daAuts
     D:2: 778 daAuts
     D:4: 28 daAuts
